[Event "Titled Tuesday Blitz June 22 2021"]
[White "Yanchenko, Roman"]
[Black "Rychagov, Andrey"]
[WhiteFideId "4137329"]
[BlackFideId "4119932"]
[WhiteElo "2514"]
[BlackElo "2527"]
[Result "0-1"]
[Round "08"]
[TimeControl "180+1"]
[Date "2021.06.22"]
[WhiteClock "0:01:15"]
[BlackClock "0:01:42"]

1. d4 d5 2. c4 c6 3. Nc3 Nf6 4. Bg5 dxc4 5. Bxf6 exf6 6. e3 Be6 7. Nf3 Be7 8. a4 O-O 9. Nd2 c5 10. Nxc4 cxd4 11. Qxd4 Nc6 12. Qxd8 Rfxd8 13. Be2 Nb4 14. O-O Nd3 15. Na5 Nxb2 16. Nxb7 Rd7 17. Bf3 Rb8 18. Na5 Rc7 19. Nc6 Rxc6 20. Bxc6 Rc8 21. Nd5 Bf8 22. Bb7 Rb8 23. Nf4 Rxb7 24. Nxe6 fxe6 25. Rfb1 Rb4 26. Ra2 Nd3 27. Rxb4 Bxb4 28. Rd2 Bxd2 0-1


[Site "https://www.chess.com"]

[Event "Titled Tuesday Blitz June 22 2021"]
[White "Zubov, Alexander"]
[Black "Perez Ponsa, Federico"]
[WhiteFideId "14109409"]
[BlackFideId "117927"]
[WhiteElo "2740"]
[BlackElo "2672"]
[Result "1/2-1/2"]
[Round "08"]
[TimeControl "180+1"]
[Date "2021.06.22"]
[WhiteClock "0:00:06"]
[BlackClock "0:00:02"]

1. d4 Nf6 2. c4 e6 3. Nf3 d5 4. Nc3 dxc4 5. e4 b5 6. e5 Nd5 7. Nxb5 Nb6 8. a3 Be7 9. Be3 Nc6 10. Qc2 Na5 11. Rd1 Ba6 12. Nc3 O-O 13. h4 Rb8 14. Ng5 g6 15. Nge4 Nd5 16. Bh6 Re8 17. h5 Qc8 18. hxg6 fxg6 19. Rh3 Qb7 20. Na4 Bb5 21. Nac5 Qc6 22. Rg3 Bf8 23. Nf6+ Nxf6 24. Rxg6+ Kh8 25. exf6 e5 26. d5 Qxc5 27. Qf5 hxg6 28. Qxg6 Re7 29. fxe7 Qxe7 30. Bg5 Qh7 31. Qe6 Bg7 32. Be2 Qe4 33. Kf1 c3 34. Bxb5 Rxb5 35. Qe8+ Kh7 36. Qxb5 c2 37. Rc1 Nc4 38. Kg1 Qd3 39. b3 Qd1+ 40. Kh2 Qh5+ 41. Kg1 Qd1+ 42. Kh2 Qh5+ 43. Kg1 Qd1+ 1/2-1/2


[Site "https://www.chess.com"]

[Event "Titled Tuesday Blitz June 22 2021"]
[White "Alavi, Sayed Javad"]
[Black "Sonis, Francesco"]
[WhiteFideId "12500607"]
[BlackFideId "895733"]
[WhiteElo "2495"]
[BlackElo "2373"]
[Result "0-1"]
[Round "09"]
[TimeControl "180+1"]
[Date "2021.06.22"]
[WhiteClock "0:00:03"]
[BlackClock "0:00:07"]

1. d4 Nf6 2. c4 c6 3. Bf4 d5 4. e3 Bf5 5. Qb3 Qc8 6. cxd5 Nxd5 7. Bg3 e6 8. Nc3 Bg6 9. Nf3 Be7 10. Be2 O-O 11. O-O Nd7 12. Rac1 Nxc3 13. Rxc3 Nf6 14. Ne5 Ne4 15. Rcc1 Nxg3 16. hxg3 Be4 17. Bf3 Bd5 18. Bxd5 exd5 19. Qc2 Bd6 20. Nd3 Qe6 21. b4 a6 22. a4 Rfe8 23. Qb1 Qg4 24. b5 cxb5 25. axb5 a5 26. Qa2 Qf5 27. Nc5 b6 28. Na4 Rab8 29. Rc6 Re6 30. Nxb6 Bb4 31. Qxd5 Qxd5 32. Nxd5 Bf8 33. Nf4 Re7 34. b6 Reb7 35. Nd5 a4 36. Ra1 a3 37. e4 h6 38. Ra2 Re8 39. f3 Re6 40. Rc7 Rexb6 41. Nxb6 Rxc7 42. d5 Bc5+ 43. Kh2 Bxb6 44. Rxa3 Bc5 45. Ra8+ Kh7 46. e5 Rd7 47. d6 Kg6 48. g4 Be3 49. g3 h5 50. gxh5+ Kxh5 51. Kh3 Kg5 52. Re8 Kf5 53. Re7 Rd8 54. g4+ Kg6 55. Kg3 Bc5 56. f4 f6 57. f5+ Kh6 58. exf6 gxf6 59. Re6 Bxd6+ 60. Re5 Bxe5+ 61. Kh4 0-1


[Site "https://www.chess.com"]

[Event "Titled Tuesday Blitz June 22 2021"]
[White "Bortnyk, Olexandr"]
[Black "Shevchenko, Kirill"]
[WhiteFideId "14120828"]
[BlackFideId "14129574"]
[WhiteElo "2723"]
[BlackElo "2569"]
[Result "1-0"]
[Round "09"]
[TimeControl "180+1"]
[Date "2021.06.22"]
[WhiteClock "0:00:40"]
[BlackClock "0:00:03"]

1. e4 c5 2. c3 d5 3. exd5 Nf6 4. Nf3 Nxd5 5. Bc4 Nc6 6. O-O Nb6 7. Bb5 Bf5 8. d4 e6 9. Be3 a6 10. Bxc6+ bxc6 11. dxc5 Qxd1 12. Rxd1 Na4 13. b4 Bxb1 14. Rdxb1 Nxc3 15. Rb3 Nd5 16. Ne5 Rc8 17. Rab1 f6 18. Nc4 Be7 19. Ra3 Ra8 20. Nb6 Nxb6 21. cxb6 Kf7 22. Rc3 Rac8 23. Rbc1 Rhd8 24. Kf1 Bxb4 25. Rxc6 Rxc6 26. Rxc6 Rd1+ 27. Ke2 Rb1 28. b7 Ba5 29. Bb6 Rb2+ 30. Kf3 Bxb6 31. b8=Q Rxf2+ 32. Kg3 1-0


[Site "https://www.chess.com"]

[Event "Titled Tuesday Blitz June 22 2021"]
[White "Cardoso Cardoso, Jose Gabriel"]
[Black "Abdusattorov, Nodirbek"]
[WhiteFideId "4430492"]
[BlackFideId "14204118"]
[WhiteElo "2343"]
[BlackElo "2662"]
[Result "0-1"]
[Round "09"]
[TimeControl "180+1"]
[Date "2021.06.22"]
[WhiteClock "0:00:03"]
[BlackClock "0:00:14"]

1. d4 Nf6 2. c4 c5 3. d5 b5 4. cxb5 a6 5. bxa6 g6 6. Nc3 Bg7 7. e4 O-O 8. a7 Rxa7 9. Nf3 Qa5 10. Bd2 Qb6 11. Qc2 d6 12. a4 Ba6 13. Bb5 Ne8 14. O-O Nc7 15. Bxa6 Nbxa6 16. Bg5 Rb8 17. Rfb1 Kf8 18. Nd2 Nb4 19. Qd1 Qa6 20. Ra3 Nd3 21. Nb5 Nxb2 22. Nxc7 Rxc7 23. Qc2 Rcb7 24. h3 c4 25. Be3 c3 26. Rxc3 Bxc3 27. Qxc3 f6 28. a5 Kf7 29. Qc6 Qxa5 30. Nc4 Qa2 31. Rxb2 Rxb2 32. Nxd6+ Kg8 33. Qd7 R2b6 34. Qe6+ Kh8 35. Nf7+ Kg7 36. Bh6+ Kg8 37. Nd6+ Kh8 38. Qxe7 Qa1+ 39. Kh2 Qe5+ 40. Qxe5 fxe5 41. Nf7+ Kg8 42. Nxe5 Re8 43. f4 Rb4 44. d6 Rxe4 45. d7 Rd8 46. Bg5 Rxe5 47. Bxd8 Rd5 48. Bh4 Rxd7 49. g4 Rd3 50. Bf2 Kf7 51. Kg2 Ke6 52. Bb6 Kd5 53. Bc7 Ke4 54. Be5 h5 55. gxh5 gxh5 56. Bc7 h4 57. f5 Rd2+ 58. Kg1 Kxf5 59. Bh2 Ke4 60. Bc7 Kf3 61. Be5 Rg2+ 62. Kh1 Re2 63. Bd6 Re3 64. Kh2 Re4 65. Bc7 Ke2 66. Kg2 Re7 67. Bh2 Rg7+ 68. Kh1 Kf2 69. Be5 Rg3 70. Kh2 Rg2+ 71. Kh1 Kf1 72. Bd4 Rd2 73. Bf6 Rd7 74. Bxh4 Rh7 75. Bg3 Rxh3+ 76. Bh2 Rf3 77. Be5 Kf2 78. Bh2 Rf5 79. Bd6 Rg5 80. Bh2 Rg6 81. Bf4 Rg1+ 82. Kh2 Rg4 0-1


[Site "https://www.chess.com"]

[Event "Titled Tuesday Blitz June 22 2021"]
[White "Demchenko, Anton"]
[Black "Khubukshanov, Erdem"]
[WhiteFideId "4160258"]
[BlackFideId "54114527"]
[WhiteElo "2593"]
[BlackElo "2222"]
[Result "1-0"]
[Round "09"]
[TimeControl "180+1"]
[Date "2021.06.22"]
[WhiteClock "0:01:24"]
[BlackClock "0:00:30"]

1. e4 c5 2. Nf3 Nc6 3. Bb5 g6 4. O-O Bg7 5. d3 Nf6 6. Nc3 O-O 7. e5 Ng4 8. Bxc6 bxc6 9. Re1 d6 10. exd6 exd6 11. Bf4 d5 12. h3 Nf6 13. Na4 Qa5 14. b3 c4 15. Bd6 Re8 16. Rxe8+ Nxe8 17. Be5 cxd3 18. cxd3 Bh6 19. Qc2 Bf5 20. Nd4 Bd7 21. Nc5 Rd8 22. Nb7 Qb6 23. Nxd8 Qxd8 24. Nxc6 Qg5 25. Bg3 Qf6 26. Ne5 Bb5 27. Re1 Nd6 28. Qc5 Bf8 29. Ng4 1-0


[Site "https://www.chess.com"]

[Event "Titled Tuesday Blitz June 22 2021"]
[White "Drygalov, Sergey"]
[Black "Firat, Burak"]
[WhiteFideId "24171743"]
[BlackFideId "6305881"]
[WhiteElo "2514"]
[BlackElo "2531"]
[Result "1/2-1/2"]
[Round "09"]
[TimeControl "180+1"]
[Date "2021.06.22"]
[WhiteClock "0:00:08"]
[BlackClock "0:00:21"]

1. d4 Nf6 2. c4 e6 3. Nf3 d5 4. Nc3 c6 5. Bg5 Nbd7 6. e3 Qa5 7. cxd5 Nxd5 8. Rc1 b6 9. Bd3 Nxc3 10. bxc3 Ba3 11. Rc2 Ba6 12. O-O h6 13. Bh4 O-O 14. Qe2 Bxd3 15. Qxd3 Rfe8 16. Bg3 Rad8 17. Qe4 Qd5 18. Nd2 Nf6 19. Qxd5 cxd5 20. c4 Rc8 21. Nb1 Be7 22. Rfc1 dxc4 23. Rxc4 Rxc4 24. Rxc4 Rd8 25. Nc3 Rd7 26. Kf1 Rb7 27. Rc8+ Kh7 28. Nb5 Ne4 29. Rc7 Rxc7 30. Bxc7 a6 31. Na7 b5 32. Nc6 Bf8 33. Nb8 Nc3 34. Nxa6 Nxa2 35. Ke2 b4 36. Kd3 b3 37. Ba5 Kg6 38. Nc5 Bxc5 39. dxc5 Kf6 40. Bc3+ e5 41. Bb2 Nb4+ 42. Kc4 Nc6 43. Kxb3 Ke6 44. Kc4 f5 45. f4 exf4 46. exf4 g5 47. g3 gxf4 48. gxf4 h5 49. Bc3 Ne7 50. Be1 Nc6 51. Bh4 Nb8 52. Bf2 Nc6 53. Be3 Nb8 54. Kd3 Kd5 55. Bf2 Nd7 56. Ke3 Nxc5 57. Kf3 Ne6 58. Be3 Nd4+ 59. Kg3 Ne2+ 60. Kh4 Ke4 61. Bd2 Nxf4 62. Kg5 Nh3+ 63. Kxh5 Kf3 64. Kg6 f4 65. Bxf4 Nxf4+ 66. Kf5 Nh3 67. Kg6 Kg2 68. Kf7 Kf3 69. Ke8 Kg4 70. Kd8 Kg5 71. Kc7 Kf5 72. Kb6 Ke4 73. Ka5 Kf3 74. Kb4 Kg2 75. Kc3 Kxh2 1/2-1/2


[Site "https://www.chess.com"]

[Event "Titled Tuesday Blitz June 22 2021"]
[White "Dubov, Daniil"]
[Black "Hansen, Eric"]
[WhiteFideId "24126055"]
[BlackFideId "2606771"]
[WhiteElo "2722"]
[BlackElo "2568"]
[Result "1-0"]
[Round "09"]
[TimeControl "180+1"]
[Date "2021.06.22"]
[WhiteClock "0:00:46"]
[BlackClock "0:00:06"]

1. d4 Nf6 2. c4 g6 3. Nc3 d5 4. e3 Bg7 5. cxd5 Nxd5 6. Bc4 Nxc3 7. bxc3 c5 8. Nf3 Nc6 9. O-O O-O 10. Ba3 b6 11. dxc5 Qc7 12. h3 Rd8 13. Qe2 Na5 14. Rad1 Rxd1 15. Rxd1 bxc5 16. Ng5 e6 17. Bb5 Rb8 18. Be8 f6 19. Bf7+ Kh8 20. Nxe6 Bxe6 21. Bxe6 Qe5 22. Qa6 Qxc3 23. Qxa7 Nc6 24. Qxc5 Qxc5 25. Bxc5 f5 26. g4 fxg4 27. hxg4 Bf8 28. Rc1 Bxc5 29. Rxc5 Nb4 30. a4 Nd3 31. Rb5 Ra8 32. a5 Ra7 33. Bc4 Ne1 34. a6 Nf3+ 35. Kg2 Nd2 36. Rb8+ 1-0


[Site "https://www.chess.com"]

[Event "Titled Tuesday Blitz June 22 2021"]
[White "Gabrielian, Artur"]
[Black "Dang, Hoang Son"]
[WhiteFideId "4131002"]
[BlackFideId "12402435"]
[WhiteElo "2539"]
[BlackElo "2248"]
[Result "1-0"]
[Round "09"]
[TimeControl "180+1"]
[Date "2021.06.22"]
[WhiteClock "0:00:31"]
[BlackClock "0:00:22"]

1. e4 g6 2. d4 Bg7 3. Nc3 a6 4. Be3 d6 5. Qd2 Nd7 6. h4 Ngf6 7. f3 b5 8. g4 h6 9. Nh3 Nb6 10. a4 b4 11. Nd1 a5 12. Bd3 h5 13. g5 Nfd7 14. Ndf2 O-O 15. Ng1 c5 16. c3 bxc3 17. bxc3 cxd4 18. cxd4 d5 19. e5 Ba6 20. Bxa6 Rxa6 21. Ne2 Nc4 22. Qd3 Rb6 23. f4 Qb8 24. Nd1 Rb3 25. Nec3 Rc8 26. Rc1 e6 27. Bd2 Bf8 28. Rh3 Nxd2 29. Qxd2 Nb6 30. Rd3 Nc4 31. Qe2 Bb4 32. Kf1 Ba3 33. Rc2 Nb2 34. Nxb2 Bxb2 35. Nxd5 Rxd3 36. Rxc8+ Qxc8 37. Ne7+ Kg7 38. Nxc8 Rb3 39. Nd6 Bxd4 40. Qc4 Rb1+ 41. Ke2 Rb2+ 42. Kd1 Be3 43. Qc7 1-0


[Site "https://www.chess.com"]

[Event "Titled Tuesday Blitz June 22 2021"]
[White "Holt, Conrad"]
[Black "Andreikin, Dmitry"]
[WhiteFideId "2034387"]
[BlackFideId "4158814"]
[WhiteElo "2586"]
[BlackElo "2782"]
[Result "1-0"]
[Round "09"]
[TimeControl "180+1"]
[Date "2021.06.22"]
[WhiteClock "0:00:45"]
[BlackClock "0:00:02"]

1. d4 Nf6 2. c4 e6 3. Nc3 Bb4 4. Qc2 c5 5. dxc5 Na6 6. a3 Bxc3+ 7. Qxc3 Nxc5 8. b4 Nce4 9. Qb2 d5 10. c5 d4 11. e3 e5 12. Bb5+ Bd7 13. Bxd7+ Qxd7 14. Nf3 O-O-O 15. Nxe5 Qd5 16. exd4 Qxd4 17. Qxd4 Rxd4 18. Be3 Rd5 19. Nxf7 Rf8 20. Nd6+ Nxd6 21. cxd6 Ng4 22. O-O Nxe3 23. fxe3 Re8 24. Rac1+ Kd8 25. Rf7 Rxe3 26. Rxg7 b5 27. Rxa7 h5 28. d7 Rxd7 29. Rxd7+ Kxd7 30. Rc5 h4 31. Rxb5 Rxa3 32. Rh5 Ra1+ 33. Kf2 Ra2+ 34. Kf3 Ra3+ 35. Kg4 Rb3 36. Rxh4 Ke6 37. Kg5 Rb2 38. Rg4 1-0


[Site "https://www.chess.com"]

[Event "Titled Tuesday Blitz June 22 2021"]
[White "Howell, David W L"]
[Black "SpeedofLight0"]
[WhiteFideId "410608"]
[WhiteElo "2643"]
[BlackElo "2812"]
[Result "1-0"]
[Round "09"]
[TimeControl "180+1"]
[Date "2021.06.22"]
[WhiteClock "0:00:27"]
[BlackClock "0:00:02"]

1. e4 c5 2. Nf3 Nc6 3. d4 cxd4 4. Nxd4 Nf6 5. Nc3 e5 6. Ndb5 d6 7. Bg5 a6 8. Na3 b5 9. Nd5 Be7 10. Bxf6 Bxf6 11. c3 O-O 12. Nc2 Bg5 13. a4 bxa4 14. Rxa4 f5 15. exf5 Bxf5 16. Bd3 e4 17. Bxe4 Qe8 18. Nc7 Qf7 19. Bd5 Rae8+ 20. Nxe8 Be6 21. Bxe6 Qxe6+ 22. Qe2 Ne5 23. Re4 Rxe8 24. O-O d5 25. Rxe5 Qxe5 26. Qxe5 Rxe5 27. f4 Re2 28. Nd4 Rxb2 29. fxg5 Rb8 30. Ra1 Rc8 31. Rxa6 Rxc3 32. Ra7 Re3 33. Kf2 Re4 34. Nf3 Rf4 35. h4 h5 36. Ke3 Re4+ 37. Kd3 Kh7 38. Rd7 Rg4 39. Rxd5 Rxg2 40. Rd6 Rg4 41. Ke3 Ra4 42. Rd4 Ra3+ 43. Kf4 Ra6 44. Ne5 Ra1 45. Kf5 Rf1+ 46. Rf4 Rc1 47. g6+ Kg8 48. Ra4 Rc8 49. Kg5 Re8 50. Nd3 Kh8 51. Kxh5 Rd8 52. Nf4 Rc8 53. Kg4 Kg8 54. h5 Kh8 55. Ra7 Rb8 56. Rf7 Re8 57. Ne6 1-0


[Site "https://www.chess.com"]

[Event "Titled Tuesday Blitz June 22 2021"]
[White "Indjic, Aleksandar"]
[Black "Moroni, Luca Jr"]
[WhiteFideId "911925"]
[BlackFideId "865834"]
[WhiteElo "2643"]
[BlackElo "2491"]
[Result "1-0"]
[Round "09"]
[TimeControl "180+1"]
[Date "2021.06.22"]
[WhiteClock "0:00:06"]
[BlackClock "0:00:04"]

1. d4 d5 2. c4 e6 3. Nc3 Nf6 4. Nf3 c6 5. Qd3 Nbd7 6. Bf4 dxc4 7. Qxc4 Qa5 8. Bd2 Qb6 9. Rb1 c5 10. e3 Be7 11. Bd3 O-O 12. O-O cxd4 13. exd4 Qd8 14. Qb3 b6 15. Qd1 Bb7 16. Qe2 Nd5 17. Rbd1 Rc8 18. Rfe1 Qc7 19. Bb1 Rfe8 20. Qd3 g6 21. h4 Nf4 22. Bxf4 Qxf4 23. Ne4 Nf6 24. Neg5 Qg4 25. Qf1 Bd6 26. Ne5 Bxe5 27. dxe5 Qxh4 28. Nh3 Nd5 29. Re4 Qh6 30. Rdd4 Red8 31. Rh4 Qg7 32. Be4 Qxe5 33. Bf3 Ne7 34. Rxd8+ Rxd8 35. Bxb7 Nf5 36. Rf4 Qxb2 37. Bf3 Nd4 38. g3 Qxa2 39. Kg2 Qc2 40. Be4 Qd2 41. Qd3 Qxd3 42. Bxd3 e5 43. Re4 Ne6 44. Re3 Nc5 45. Be2 e4 46. Ng5 Rd4 47. f4 a5 48. Bb5 h6 49. Nh3 Rd2+ 50. Nf2 Rb2 51. Bc6 a4 52. Bxe4 Nxe4 53. Rxe4 b5 54. Re8+ Kg7 55. Ra8 Rb3 56. Ne4 a3 57. Nc5 Rb2+ 58. Kf3 b4 59. Ra7 a2 60. Ne6+ Kf6 61. Nd4 b3 62. Kg4 Rb1 63. Nxb3 Rxb3 64. Ra6+ Rb6 65. Rxb6+ Kg7 66. Ra6 h5+ 67. Kh3 g5 68. Rxa2 g4+ 69. Kh4 1-0


[Site "https://www.chess.com"]

[Event "Titled Tuesday Blitz June 22 2021"]
[White "Karthikeyan, Murali"]
[Black "Vignesh, N R"]
[WhiteFideId "5074452"]
[BlackFideId "25012215"]
[WhiteElo "2564"]
[BlackElo "2401"]
[Result "0-1"]
[Round "09"]
[TimeControl "180+1"]
[Date "2021.06.22"]
[WhiteClock "0:00:01"]
[BlackClock "0:00:06"]

1. d4 Nf6 2. Bg5 d5 3. Nd2 e6 4. e4 dxe4 5. Nxe4 Nbd7 6. Nxf6+ Nxf6 7. Bxf6 Qxf6 8. Nf3 Bd6 9. Bb5+ c6 10. Bd3 O-O 11. Qe2 c5 12. O-O-O cxd4 13. Nxd4 Be5 14. Qe4 g6 15. c3 Bxd4 16. Qxd4 Qxd4 17. cxd4 Bd7 18. Kd2 Bc6 19. f3 Rfd8 20. Ke3 Rd6 21. Be4 Rad8 22. Rd2 f5 23. Bxc6 Rxc6 24. Rhd1 Rd5 25. Rd3 Kf7 26. Rc3 Rxc3+ 27. bxc3 Ra5 28. Rd2 Ra3 29. Kd3 b5 30. Rb2 a6 31. Re2 b4 32. Kc4 Rxc3+ 33. Kxb4 Rd3 34. Ka5 Rxd4 35. Kxa6 Kf6 36. Kb5 e5 37. a4 e4 38. fxe4 fxe4 39. a5 Ke5 40. a6 Rd5+ 41. Kb6 Rd6+ 42. Kb7 Rd7+ 43. Kb8 Rd1 44. Rb2 e3 45. a7 Rd2 46. Rb7 Rd8+ 47. Kc7 Ra8 48. Kb6 Kd6 49. Rb8 e2 50. Rxa8 e1=Q 51. Rd8+ Ke7 52. a8=Q Qb4+ 53. Kc6 Qc4+ 54. Kb7 Qb5+ 55. Kc7 Qe5+ 56. Kc6 Qe4+ 57. Rd5 Qc4+ 58. Kb6 Qb4+ 59. Rb5 Qd4+ 60. Kb7 Qe4+ 61. Kb8 Qf4+ 62. Kb7 Qe4+ 63. Kb8 Qf4+ 64. Ka7 Qa4+ 65. Kb8 Qxb5+ 66. Kc7 Qd7+ 67. Kb6 Qd6+ 68. Kb5 Qxh2 69. Qf3 Qe5+ 70. Kc4 h5 71. Kd3 Qf6 72. Qb7+ Kf8 73. Ke4 Qf7 74. Qb5 Kg7 75. Ke3 Qf6 76. Qb7+ Kh6 77. Qb1 Kg5 78. Qb4 Qf5 79. Qe7+ Qf6 80. Qc5+ Kh6 81. Qb5 Qg5+ 82. Qxg5+ Kxg5 83. Kf3 Kf5 84. Kg3 g5 85. Kf3 g4+ 86. Ke3 h4 87. Kf2 Ke4 88. Ke2 Kf4 89. Kf2 Ke4 90. Ke2 g3 91. Kd2 h3 0-1


[Site "https://www.chess.com"]

[Event "Titled Tuesday Blitz June 22 2021"]
[White "Kollars, Dmitrij"]
[Black "Onyshchuk, Volodymyr"]
[WhiteFideId "12909572"]
[BlackFideId "14114038"]
[WhiteElo "2576"]
[BlackElo "2603"]
[Result "0-1"]
[Round "09"]
[TimeControl "180+1"]
[Date "2021.06.22"]
[WhiteClock "0:00:01"]
[BlackClock "0:01:00"]

1. e4 d6 2. d4 Nf6 3. Nc3 g6 4. f4 Bg7 5. Nf3 O-O 6. e5 dxe5 7. fxe5 Nd5 8. Bc4 Nxc3 9. bxc3 c5 10. O-O Bg4 11. Be3 Nc6 12. Rb1 Rc8 13. h3 cxd4 14. cxd4 Bxf3 15. Qxf3 Nxe5 16. dxe5 Rxc4 17. e6 fxe6 18. Qxb7 Rxf1+ 19. Rxf1 Bf6 20. Qb3 Qc8 21. Bxa7 Rxc2 22. a4 Qc6 23. Bf2 Bg7 24. Qb8+ Kf7 25. a5 Bf6 26. Qb6 Qxb6 27. Bxb6 Ra2 28. Rf2 Ra1+ 29. Rf1 Ra2 30. Rf2 Ra4 31. g4 h6 32. Be3 g5 33. Bb6 e5 34. Rc2 e4 35. Kf2 Be5 36. Rc8 Bf4 37. Ra8 Ra2+ 38. Kf1 e3 39. Kg1 e2 40. Bf2 Be3 41. Kg2 e1=Q 0-1


[Site "https://www.chess.com"]

[Event "Titled Tuesday Blitz June 22 2021"]
[White "Kovalev, Vladislav"]
[Black "Nakamura, Hikaru"]
[WhiteFideId "13504398"]
[BlackFideId "2016192"]
[WhiteElo "2573"]
[BlackElo "2900"]
[Result "0-1"]
[Round "09"]
[TimeControl "180+1"]
[Date "2021.06.22"]
[WhiteClock "0:00:05"]
[BlackClock "0:00:57"]

1. e4 g6 2. d4 Bg7 3. Nc3 a6 4. a4 d6 5. g3 Nd7 6. Bg2 c5 7. Nge2 cxd4 8. Nxd4 Ngf6 9. O-O O-O 10. a5 Ne5 11. h3 Bd7 12. Re1 Nc4 13. Nb3 Rc8 14. Ra2 e5 15. Bg5 Be6 16. Nd5 h6 17. Nxf6+ Bxf6 18. Bxh6 Re8 19. Be3 Nxa5 20. Nxa5 Bxa2 21. Nxb7 Qc7 22. Qxd6 Be7 23. Qxc7 Rxc7 24. Na5 Rxc2 25. Bf1 Be6 26. Bxa6 Bb4 27. Ra1 Ra8 28. Bd3 Rxb2 29. Bc1 Ra2 30. Rxa2 Bxa2 31. Nc6 Bd6 32. Bb2 f6 33. Bb5 Be6 34. Bc3 Bxh3 35. Bc4+ Kg7 36. Bd5 Ra3 37. Bd2 Rd3 38. Be3 Rd1+ 39. Kh2 Bf1 40. Nd8 g5 41. Ne6+ Kg6 42. g4 Be2 43. Kg3 Rg1+ 44. Kh2 Rxg4 45. Nd8 Bf3 46. Be6 Rxe4 47. Bf7+ Kg7 48. Bd5 Rh4+ 49. Kg3 Bxd5 0-1


[Site "https://www.chess.com"]

[Event "Titled Tuesday Blitz June 22 2021"]
[White "Maksimovic, Bojan"]
[Black "Zhigalko, Sergei"]
[WhiteFideId "14408120"]
[BlackFideId "13502956"]
[WhiteElo "2437"]
[BlackElo "2662"]
[Result "0-1"]
[Round "09"]
[TimeControl "180+1"]
[Date "2021.06.22"]
[WhiteClock "0:00:01"]
[BlackClock "0:00:17"]

1. e4 c5 2. Nf3 Nc6 3. d4 cxd4 4. Nxd4 Nf6 5. Nc3 e5 6. Ndb5 d6 7. Bg5 a6 8. Na3 b5 9. Nd5 Be7 10. Bxf6 Bxf6 11. c3 Bg5 12. Nc2 Ne7 13. h4 Bh6 14. Ncb4 O-O 15. a4 bxa4 16. Rxa4 a5 17. Be2 Nxd5 18. Nxd5 Bd7 19. Ra2 Kh8 20. Bg4 Be6 21. g3 Rb8 22. O-O g6 23. Kg2 Qd7 24. Nf6 Qe7 25. Bxe6 Qxe6 26. Nd5 f5 27. Qe2 f4 28. gxf4 Rxf4 29. Rh1 Rbf8 30. Rxa5 Rg4+ 31. Kf1 Qf7 32. Rh2 Rg3 0-1


[Site "https://www.chess.com"]

[Event "Titled Tuesday Blitz June 22 2021"]
[White "Maly, Alexey"]
[Black "Kamsky, Gata"]
[WhiteFideId "14103184"]
[BlackFideId "2000024"]
[WhiteElo "2285"]
[BlackElo "2644"]
[Result "1-0"]
[Round "09"]
[TimeControl "180+1"]
[Date "2021.06.22"]
[WhiteClock "0:00:07"]
[BlackClock "0:00:46"]

1. d4 Nf6 2. c4 e6 3. Nf3 b6 4. g3 Ba6 5. Nbd2 Bb7 6. Bg2 c5 7. O-O cxd4 8. Nxd4 Bxg2 9. Kxg2 a6 10. b3 Qc7 11. Bb2 Be7 12. a4 Qb7+ 13. Kg1 O-O 14. Rc1 Rd8 15. e3 Nc6 16. Nxc6 Qxc6 17. Qf3 Qxf3 18. Nxf3 Ne4 19. Rfd1 Nc5 20. Ba3 Kf8 21. Nd2 f5 22. Kf1 Nd3 23. Bxe7+ Kxe7 24. Rc3 Nc5 25. Ke2 g5 26. Nf3 h6 27. Ne1 a5 28. Nd3 Ne4 29. Rc2 Rac8 30. f3 Nc5 31. Nxc5 bxc5 32. Kd3 h5 33. Kc3 Rc7 34. Rcd2 d6 35. Rd3 Rcd7 36. R3d2 Kf6 37. Rd3 Ke5 38. R3d2 g4 39. f4+ Ke4 40. Rd3 d5 41. Kc2 h4 42. R1d2 hxg3 43. hxg3 Rh7 44. cxd5 Rxd5 45. Rc3 Rh3 46. Rc4+ Kxe3 47. Rc3+ Ke4 48. Re2+ 1-0


[Site "https://www.chess.com"]

[Event "Titled Tuesday Blitz June 22 2021"]
[White "Martinez Alcantara, Jose Eduardo"]
[Black "Balakrishnan, Praveen"]
[WhiteFideId "3805662"]
[BlackFideId "2064871"]
[WhiteElo "2690"]
[BlackElo "2237"]
[Result "1/2-1/2"]
[Round "09"]
[TimeControl "180+1"]
[Date "2021.06.22"]
[WhiteClock "0:00:08"]
[BlackClock "0:00:12"]

1. e4 g6 2. d4 Bg7 3. c3 d6 4. f4 Nf6 5. Bd3 e5 6. Nf3 exd4 7. cxd4 O-O 8. O-O Nc6 9. h3 Nb4 10. Nc3 Nxd3 11. Qxd3 Re8 12. e5 dxe5 13. fxe5 Bf5 14. Qe2 c5 15. Rd1 Nd5 16. dxc5 Nxc3 17. bxc3 Qc7 18. Be3 Bxe5 19. Nxe5 Qxe5 20. Re1 Qxc3 21. Qf2 Re4 22. Bd2 Qd4 23. Be3 Qe5 24. Bh6 Qd4 25. Qxd4 Rxd4 26. Re7 Rd7 27. Rae1 f6 28. Rxd7 Bxd7 29. Re7 Bc6 30. Rg7+ Kh8 31. Rf7 f5 32. g3 Re8 33. g4 fxg4 34. hxg4 Kg8 35. Rf6 Bd5 36. a3 Bf7 37. Kh2 Re6 38. Rf3 Re5 39. Rd3 Rd5 40. Rc3 Rd4 41. c6 bxc6 42. Rxc6 Be8 43. Rf6 Bf7 44. Kg3 Rd3+ 45. Kh4 Rxa3 46. Rc6 Bd5 47. Rc7 Rb3 48. Rg7+ Kh8 49. Rxa7 Rb8 50. Bf4 Rc8 51. Be5+ Kg8 52. Rg7+ Kf8 53. Rxh7 Bg8 54. Bd6+ Ke8 55. Rg7 Bf7 56. Rh7 Rc6 57. Bb4 Rc4 58. Bd6 Rd4 59. Be5 Re4 60. Bf6 Be6 61. Kg5 Rxg4+ 62. Kh6 Bf5 63. Ra7 Re4 64. Kg7 Re6 65. Rc7 Re4 66. Rb7 Re3 67. Rf7 Re4 68. Rc7 Re3 69. Rb7 Re4 70. Bg5 Re2 71. Rb6 Re6 72. Rb7 Re4 73. Ra7 Re2 74. Bh4 Re4 75. Bf6 Re6 76. Ra3 Kd7 77. Ra5 Kd6 78. Rb5 Kc6 79. Ra5 Rd6 80. Ra1 Kd7 81. Be5 Re6 82. Rd1+ Kc6 83. Bf4 Kc5 84. Kf7 Re4 85. Bg5 Rc4 86. Bf6 Kc6 87. Be5 Re4 88. Kf6 Re2 89. Rc1+ Rc2 90. Rd1 Rc4 91. Rd6+ Kc5 92. Rd8 Re4 93. Bd6+ Kc6 94. Be5 Re2 95. Rd4 Kc5 96. Ra4 Rc2 97. Ra1 Kd5 98. Re1 Rc6+ 99. Kg5 Rc4 100. Bf6 Rg4+ 101. Kh6 Rg2 102. Rd1+ Ke4 103. Rd4+ Ke3 104. Rb4 Rh2+ 105. Kg7 Kf3 106. Be5 Re2 107. Bd6 Re6 108. Bb8 Re8 109. Kf6 Rc8 110. Kg5 Rc6 111. Rb3+ Ke4 1/2-1/2


[Site "https://www.chess.com"]

[Event "Titled Tuesday Blitz June 22 2021"]
[White "Maximov, Dmitry"]
[Black "Lazavik, Denis"]
[WhiteFideId "14105659"]
[BlackFideId "13515110"]
[WhiteElo "2494"]
[BlackElo "2436"]
[Result "1/2-1/2"]
[Round "09"]
[TimeControl "180+1"]
[Date "2021.06.22"]
[WhiteClock "0:00:06"]
[BlackClock "0:00:02"]

1. e4 e5 2. Nf3 Nc6 3. Bb5 a6 4. Ba4 Nf6 5. O-O Be7 6. Re1 b5 7. Bb3 d6 8. c3 O-O 9. h3 Bb7 10. d3 Na5 11. Bc2 c5 12. Nbd2 Re8 13. Nf1 h6 14. Ng3 Bf8 15. Bd2 Nc6 16. Nh2 d5 17. Qe2 g6 18. Rad1 Bg7 19. Qf3 d4 20. Ng4 Nxg4 21. Qxg4 Qc8 22. Qf3 Qe6 23. Bb3 c4 24. dxc4 bxc4 25. Ba4 Red8 26. b3 d3 27. bxc4 Na5 28. Rb1 Qxc4 29. Bb3 Nxb3 30. axb3 Qc6 31. Re3 f5 32. exf5 Qxf3 33. gxf3 Bf6 34. h4 Kf7 35. fxg6+ Kxg6 36. Kg2 Re8 37. Rh1 Rad8 38. Ne4 Be7 39. Rh3 Kf5 40. Ng3+ Ke6 41. Ne4 Rg8+ 42. Kf1 h5 43. c4 Rd4 44. Ng3 Rxh4 45. Rxh4 Bxh4 46. Nxh5 Rd8 47. Nf4+ Kf5 48. Nxd3 Bf6 49. Bc3 e4 50. fxe4+ Bxe4 51. Bxf6 Rxd3 52. Rxd3 Bxd3+ 53. Ke1 Kxf6 54. Kd2 Bf5 55. Kc3 Ke5 56. Kb4 Kd4 57. Ka5 Bc8 58. Kb6 Kc3 59. c5 Kxb3 60. f4 Kc4 61. f5 Bxf5 62. Kxa6 Kxc5 1/2-1/2


[Site "https://www.chess.com"]

[Event "Titled Tuesday Blitz June 22 2021"]
[White "Perez Ponsa, Federico"]
[Black "Muradli, Mahammad"]
[WhiteFideId "117927"]
[BlackFideId "13409301"]
[WhiteElo "2672"]
[BlackElo "2482"]
[Result "0-1"]
[Round "09"]
[TimeControl "180+1"]
[Date "2021.06.22"]
[WhiteClock "0:00:52"]
[BlackClock "0:00:59"]

1. e4 c5 2. Nf3 d6 3. d4 cxd4 4. Nxd4 Nf6 5. Nc3 a6 6. Be2 e5 7. Nb3 Be7 8. Bg5 Be6 9. Bxf6 Bxf6 10. Qd3 Be7 11. O-O-O Nd7 12. g3 Nf6 13. f4 Qc7 14. f5 Bd7 15. g4 h6 16. h4 Bc6 17. g5 Nd7 18. Rhg1 hxg5 19. hxg5 O-O-O 20. Nd5 Bxd5 21. Qxd5 Nb6 22. Qa5 Rh2 23. Bd3 d5 24. Kb1 Bxg5 25. c3 Bh6 26. Nc5 Be3 27. Nxa6 bxa6 28. Bxa6+ Kb8 29. exd5 Bxg1 30. Rxg1 Rxb2+ 31. Ka1 Rc2 32. c4 e4 33. d6 Qxd6 34. Rd1 Qxd1# 0-1


[Site "https://www.chess.com"]